 Dungeon Crawl Stone Soup version 0.27-a0-1202-ge72e49191c (webtiles) character file.

Game seed: 16410735780937806714

174003 Ijustatesigmund the Severer (level 17, -2/166 HPs)
             Began as a Minotaur Berserker on June 3, 2021.
             Was the Champion of Trog.
             Killed from afar by a naga mage (3 damage)
             ... with a bolt of poison
             ... on level 4 of the Snake Pit.
             The game lasted 01:01:14 (28617 turns).

Ijustatesigmund the Severer (Minotaur Berserker)   Turns: 28617, Time: 01:01:15

Health: -2/166     AC: 22    Str: 23    XL:     17   Next: 44%
Magic:  16/16      EV: 10    Int:  4    God:    Trog [******]
Gold:   1160       SH: 18    Dex: 16    Spells: 16/16 levels left

rFire    + . .     SeeInvis .   T - +5 broad axe (vamp)
rCold    + . .     Faith    .   I - +3 kite shield {reflect}
rNeg     . . .     Spirit   .   b - +1 chain mail {rF+}
rPois    +         Reflect  +   (helmet restricted)
rElec    .         Harm     .   (no cloak)
rCorr    .         Rampage  .   w - +1 pair of gloves
Will     +++..     Clarity  +   Q - +0 pair of boots
Stlth    ..........             E - amulet of regeneration
HPRegen  2.37/turn              F - ring of poison resistance
MPRegen  0.15/turn              W - +4 ring of protection

@: lethally poisoned (-2 -> -3), about to teleport, weakened, strong-willed,
regenerating, constricted, studying 2 skills
A: horns 2, retaliatory headbutt, clarity, cold resistance 1
a: Renounce Religion, Berserk, Trog's Hand, Brothers in Arms


You were on level 4 of the Snake Pit.
You worshipped Trog.
Trog was exalted by your worship.
You visited 4 branches of the dungeon, and saw 27 of its levels.
You visited the Abyss 2 times.
You visited 1 bazaar.
You also visited: Volcano.

You collected 3066 gold pieces.
You spent 1906 gold pieces at shops.

Inventory:

Hand Weapons
 a - a +6 broad axe of flaming
 S - the +10 battleaxe "Ysure" {antimagic, rF+ Will+ Str-3 Dex+5}
   (Trog gifted it to you on level 6 of the Lair of Beasts)

   It reduces the magical energy of the wielder, and disrupts the spells and
   magical abilities of those hit.
   Natural abilities and divine invocations are not affected.
   It affects your strength (-3).
   It affects your dexterity (+5).
   It protects you from fire.
   It increases your willpower.
 T - a +5 vampiric broad axe (weapon)
 V - the +11 war axe of Xivoh {antimagic, Dex+4}
   (You found it on level 3 of the Snake Pit)

   It reduces the magical energy of the wielder, and disrupts the spells and
   magical abilities of those hit.
   Natural abilities and divine invocations are not affected.
   It affects your dexterity (+4).
Missiles
 q - 11 silver boomerangs
 y - 2 throwing nets
 B - 6 javelins
Armour
 b - a +1 chain mail of fire resistance (worn)
 w - a +1 pair of gloves (worn)
 I - a +3 kite shield of reflection (worn)
 Q - a +0 pair of boots (worn)
Jewellery
 c - a +6 ring of strength
 n - an amulet of reflection
 s - a ring of flight
 D - a ring of protection from fire
 E - an amulet of regeneration (around neck)
 F - a ring of poison resistance (left hand)
 J - the amulet of the Four Winds {rN+ Will+++ Clar}
   (You found it on level 14 of the Dungeon)

   [amulet of nothing]

   It protects you from negative energy.
   It protects you against confusion.
   It greatly increases your willpower.
 R - a ring of protection from fire
 W - a +4 ring of protection (right hand)
Wands
 g - a wand of flame (16)
 j - a wand of iceblast (33)
 l - a wand of digging (11)
 t - a wand of acid (11)
 u - a wand of paralysis (47)
 z - a wand of mindburst (22)
 K - a wand of polymorph (14)
Scrolls
 h - a scroll of fog
 o - 8 scrolls of teleportation
 x - 18 scrolls of identify
 A - 5 scrolls of immolation
 C - 4 scrolls of magic mapping
 N - 2 scrolls of holy word
 O - 2 scrolls of fear
Potions
 d - 3 potions of might
 e - 10 potions of curing
 f - a potion of mutation
 i - 2 potions of ambrosia
 k - 4 potions of cancellation
 m - 4 potions of haste
 p - 6 potions of heal wounds
 r - 2 potions of attraction
 v - 2 potions of invisibility
 G - 5 potions of lignification
 H - 3 potions of resistance
 L - 3 potions of berserk rage
Miscellaneous
 P - a phantom mirror
 U - a piece from Xom's chessboard (15/15)


   Skills:
 + Level 18.5 Fighting
 + Level 18.6 Axes
 - Level 14.4 Armour
 - Level 9.1 Dodging
 + Level 17.2 Shields
 + Level 9.5 Evocations


You had 16 spell levels left.
You didn't know any spells.
Your spell library was empty.

Dungeon Overview and Level Annotations

Branches:
Dungeon (15/15)            Temple (0/1) D:6            Lair (6/6) D:10
  Swamp (0/4) Lair:4        Snake (4/4) Lair:4        Slime (0/5) Lair:5
    Orc (2/2) D:9             Elf (0/3) Orc:2        Vaults (0/5) D:14
 Depths (0/5) D:15        Volcano (visited)

Altars:
Elyvilon
Gozag
Hepliaklqana
Kikubaaqudgha
Makhleb
Qazlal
Sif Muna
Uskayaw
Xom
The Shining One
Beogh
Jiyva

Shops:
D:1 *   D:15 (   Orc:2 =((=

Portals:
Hell: Lair:6
Abyss: D:11


Innate Abilities, Weirdness & Mutations

You have a pair of horns on your head.
You reflexively headbutt those who attack you in melee.
You possess an exceptional clarity of mind.
Your flesh is cold resistant. (rC+)


Message History

The bolt of poison misses you. You block the salamander's attack.
A naga sharpshooter comes into view. It is wielding a +1 hand axe of venom.
The naga sharpshooter shoots a bolt.
The bolt hits you.
* * * LOW HITPOINT WARNING * * *
You block the salamander's attack.
The salamander tyrant hits you but does no damage.
The naga misses you. You furiously retaliate!
You headbutt the naga, but do no damage.
The naga constricts you.
You barely miss the naga.
The naga is heavily wounded.
You hit the naga sharpshooter.
You feel better.
You hit the salamander tyrant.
You feel better.
The naga mage casts a spell at the naga.
The naga seems to grow toxic.
The salamander hits you from afar with a +0 trident.
* * * LOW HITPOINT WARNING * * *
You are engulfed in flames.
You resist.
* * * LOW HITPOINT WARNING * * *
You block the salamander's attack.
The naga sharpshooter casts a spell.
The naga sharpshooter magically shoots a bolt.
The bolt hits you!!
* * * LOW HITPOINT WARNING * * *
Your skin crawls.
You feel strong-willed. You block the naga mage's attack.
You block the salamander's attack.
The salamander tyrant gazes fiercely through you!
You feel as though you will be weak longer.
The salamander tyrant hits you!
* * * LOW HITPOINT WARNING * * *
You are engulfed in flames!
You resist.
* * * LOW HITPOINT WARNING * * *
You block the salamander's attack.
The naga mage gestures at you while chanting.
The bolt of poison misses the naga sharpshooter.
The bolt of poison hits you.
You are lethally poisoned!
You resist.
You die...

#.......###
#.........#
#.......###
##+###....####
..........#
.........##
#####..## #).#
#N@# #)NNN#
#.NNN...
#........#
#........#
#.!....!..
#.N...####
#.....#


You could see 2 naga sharpshooters, a salamander tyrant, 3 salamanders, a naga
mage (fast) and a naga (curare, catching breath).

Vanquished Creatures
  Bai Suzhen (Snake:3)
  3 nagarajas (Snake:3)
  2 orc warlords
  Louise (D:15)
  The ghost of Froggeryz the Bludgeoner, a journeyman GrCK of Xom (Lair:6)
  Azrael (Orc:2)
  The ghost of Ijustatesigmund the Nimble, a journeyman DsFi of Cheibriados (D:11)
  Snorg (Lair:3)
  Josephine (D:11)
  8 naga warriors
  A rakshasa (D:11)
  4 boulder beetles
  A hell beast (Lair:6)
  7 hydras
  3 vault guards (D:14)
  Erolcha (D:13)
  Erica (D:11)
  3 catoblepae
  7 anacondas
  4 centaur warriors
  13 death yaks
  A two-headed ogre (D:10)
  A death knight (D:15)
  2 tengu warriors
  2 orc high priests (Orc:2)
  3 naga sharpshooters
  A dancing weapon (Lair:6)
  8 shock serpents
  Nergalle (D:10)
  A hell knight (Volcano)
  A fire crab (Lair:6)
  3 salamander mystics
  6 orc knights
  4 naga ritualists
  2 wizards
  A phantasmal warrior (D:15)
  A bog body (Lair:4)
  Pikel (D:6)
  3 harpies (D:13)
  6 mana vipers
  The ghost of Renjy the Frost Mage, a novice VSIE of Cheibriados (D:8)
  2 necromancers
  3 deep elf pyromancers
  2 orc sorcerers
  18 salamanders
  10 ugly things
  4 manticores
  5 cyclopes
  22 elephants
  A toenail golem (D:11)
  A rust devil (D:11)
  20 black mambas
  10 naga magi
  4 guardian serpents
  An unseen horror (D:12)
  3 orange demons (Lair:6)
  17 cane toads
  2 gargoyles
  4 kobold demonologists
  9 rime drakes
  2 guardian mummies (D:15)
  A komodo dragon (shapeshifter) (D:15)
  2 ice devils (Lair:6)
  A yaktaur (D:14)
  A hellwing (Lair:6)
  11 komodo dragons
  An efreet (D:14)
  A tengu conjurer (D:13)
  3 meliai (D:15)
  5 trolls
  A polar bear (Lair:2)
  24 blink frogs
  8 slime creatures
  A raiju (D:11)
  14 dream sheep
  2 fire dragon zombies (D:15)
  A spriggan (Lair:2)
  A shadow (D:9)
  4 wyverns
  4 water elementals (D:14)
  8 wraiths
  A vampire (D:13)
  19 humans (D:14)
  3 fire bats (Lair:2)
  35 yaks
  An elf zombie (D:15)
  9 basilisks
  7 vampire mosquitoes (D:12)
  3 fire elementals (Orc:2)
  32 nagas
  2 steam dragons
  Menkaure (D:4)
  12 wargs
  A swamp worm (Lair:4)
  An acid dragon (D:14)
  21 water moccasins
  8 hell hounds
  49 orc warriors
  A black bear (shapeshifter) (D:11)
  2 hornet zombies
  3 sky beasts (D:7)
  2 ice beasts (D:5)
  5 black bears
  2 necrophages
  7 ogres
  29 wolves
  20 centaurs
  A phantom (D:4)
  4 kobold brigands
  10 bullfrogs
  A wyvern zombie (D:7)
  3 gnoll sergeants
  5 scorpions
  2 water moccasin zombies (D:5)
  12 killer bees
  A tengu zombie (D:15)
  3 wights (D:10)
  2 electric eels
  6 centaur zombies
  4 hounds
  2 bullfrog zombies (D:5)
  18 orc priests
  A gnoll shaman (D:8)
  A bullfrog skeleton (D:6)
  7 iguanas
  19 orc wizards
  2 killer bee zombies
  2 hound zombies (D:5)
  5 hound skeletons
  A howler monkey zombie (D:5)
  12 gnolls
  2 howler monkey skeletons
  10 adders
  A shadow imp (D:8)
  2 white imps
  An ufetubus (D:6)
  4 worms
  7 dart slugs
  83 orcs
  8 endoplasms
  A giant cockroach (D:2)
  7 goblins
  6 hobgoblins
  3 jackals (D:3)
  26 kobolds
  2 quokkas (D:3)
  3 ball pythons
  3 bats
  3 frilled lizards
  25 rats
  A spectral hobgoblin (D:7)
946 creatures vanquished.

Vanquished Creatures (others)
  A quokka (D:7)
  50 fungi
  39 plants
  20 withered plants
110 creatures vanquished.

Grand Total: 1056 creatures vanquished

Notes
Turn   | Place    | Note
-------+----------+-------------------------------------------
     0 | D:1      | Ijustatesigmund the Minotaur Berserker began the quest for
                  | the Orb.
     0 | D:1      | Reached XP level 1. HP: 19/19 MP: 0/0
   129 | D:1      | Found Gyobeqynk's General Store.
   431 | D:1      | Reached XP level 2. HP: 27/27 MP: 1/1
  1017 | D:2      | Found a shimmering blue altar of Sif Muna.
  1166 | D:2      | Reached XP level 3. HP: 33/33 MP: 2/2
  1191 | D:2      | Found a faded altar of an unknown god.
  1366 | D:2      | Reached skill level 5 in Axes
  1371 | D:2      | Reached ** piety under Trog
  1499 | D:1      | Bought a scroll of teleportation for 42 gold pieces
  1499 | D:1      | Bought a potion of curing for 42 gold pieces
  1779 | D:2      | Reached XP level 4. HP: 41/41 MP: 3/3
  2333 | D:3      | Noticed an ogre
  2612 | D:4      | Found a stormy altar of Qazlal.
  2690 | D:4      | Noticed Menkaure
  2696 | D:4      | Killed Menkaure
  2697 | D:4      | Reached skill level 5 in Fighting
  2697 | D:4      | Reached XP level 5. HP: 31/48 MP: 4/4
  2864 | D:4      | Noticed an ogre
  2864 | D:4      | Noticed a phantom
  2931 | D:3      | Killed an ogre
  2932 | D:3      | Reached XP level 6. HP: 57/57 MP: 5/5
  3379 | D:3      | Reached *** piety under Trog
  3499 | D:4      | Identified the +3 robe of the Constellations {-Cast Will++
                  | Dex+3 Stlth+}
  3505 | D:4      | You fall into a shaft and drop 3 floors!
  3514 | D:7      | Noticed a sky beast
  3528 | D:7      | Killed a sky beast
  3529 | D:7      | Reached skill level 5 in Armour
  3529 | D:7      | Reached XP level 7. HP: 30/64 MP: 6/6
  3838 | D:6      | Noticed Pikel
  3850 | D:6      | Killed Pikel
  3851 | D:6      | Reached XP level 8. HP: 61/74 MP: 7/7
  4010 | D:5      | Entered Level 5 of the Dungeon
  5023 | D:4      | Found a hide-covered altar of Uskayaw.
  5604 | D:5      | Reached **** piety under Trog
  5671 | D:5      | Reached XP level 9. HP: 58/83 MP: 8/8
  5920 | D:5      | Identified the +0 mace of Ipol {antimagic, Fly rPois Str+2
                  | Stlth+}
  6587 | D:6      | Found a staircase to the Ecumenical Temple.
  6599 | D:6      | Noticed a gargoyle
  6609 | D:6      | Killed a gargoyle
  6610 | D:6      | Reached skill level 10 in Axes
  6813 | D:6      | Found an ancient bone altar of Kikubaaqudgha.
  7091 | D:7      | Reached skill level 10 in Fighting
  7739 | D:7      | You fall into a shaft and drop 3 floors!
  7739 | D:10     | Entered Level 10 of the Dungeon
  7866 | D:10     | Noticed a two-headed ogre
  7872 | D:10     | Killed a two-headed ogre
  7873 | D:10     | Reached XP level 10. HP: 94/94 MP: 9/9
  8097 | D:10     | Reached skill level 5 in Dodging
  8137 | D:10     | Found a staircase to the Lair.
  8425 | D:10     | Noticed Nergalle
  8448 | D:10     | Killed Nergalle
  8914 | D:9      | Reached ***** piety under Trog
  9306 | D:8      | Noticed a cyclops
  9312 | D:8      | Killed a cyclops
  9474 | D:8      | Found a large runed translucent door.
  9480 | D:8      | Found a large runed translucent door.
  9835 | D:7      | Found a hazy altar of Hepliaklqana.
  9885 | D:7      | Found a white marble altar of Elyvilon.
 10034 | D:7      | Reached XP level 11. HP: 99/104 MP: 10/10
 10318 | D:8      | Reached skill level 1 in Evocations
 10605 | D:8      | Noticed Renjy's ghost (novice VSIE)
 10669 | D:8      | Killed Renjy's ghost
 10790 | D:9      | Found a glowing golden altar of the Shining One.
 11078 | D:9      | Found a staircase to the Orcish Mines.
 11857 | D:11     | Found a transporter.
 11890 | D:11     | Noticed Erica
 11904 | D:11     | Killed Erica
 12053 | D:11     | Noticed a green ugly thing
 12200 | D:11     | Killed a green ugly thing
 12223 | D:11     | Noticed Josephine
 12232 | D:11     | Killed Josephine
 12270 | D:11     | Found a transporter.
 12271 | D:11     | Noticed Ijustatesigmund's ghost (journeyman DsFi)
 12271 | D:11     | Found a one-way gate to the infinite horrors of the Abyss.
 12285 | D:11     | Killed Ijustatesigmund's ghost
 12286 | D:11     | Reached skill level 5 in Evocations
 12293 | D:11     | Reached XP level 12. HP: 115/115 MP: 11/11
 12312 | D:11     | Noticed a rakshasa
 12328 | D:11     | Killed a rakshasa
 12843 | D:11     | Received a gift from Trog
 13873 | D:12     | Noticed a tengu warrior
 13882 | D:12     | Killed a tengu warrior
 14184 | D:13     | Noticed a tengu warrior
 14188 | D:13     | Killed a tengu warrior
 14189 | D:13     | Reached skill level 10 in Armour
 14199 | D:13     | Noticed a centaur warrior
 14203 | D:13     | Killed a centaur warrior
 14286 | D:13     | Noticed a four-headed hydra
 14297 | D:13     | Killed a three-headed hydra
 14569 | D:13     | Noticed a boulder beetle
 14579 | D:13     | Killed a boulder beetle
 14580 | D:13     | Reached XP level 13. HP: 116/125 MP: 12/12
 14600 | D:13     | Reached skill level 15 in Axes
 14898 | D:13     | Noticed Erolcha
 14904 | D:13     | Killed Erolcha
 15100 | D:13     | Reached skill level 15 in Fighting
 15312 | D:14     | Found the amulet of the Four Winds {rN+ Will+++ Clar}
 15437 | D:14     | Reached skill level 5 in Shields
 15455 | D:14     | Cast into level 2 of the Abyss (a wizard)
 15493 | D:14     | Escaped the Abyss
 15496 | D:14     | Gained mutation: Your magical capacity is low. (-10% MP)
                  | [mutagenic glow]
 15507 | D:14     | Gained mutation: You sometimes lose the ability to read
                  | scrolls when taking damage. [mutagenic glow]
 15536 | D:14     | Found a gate to the Vaults.
 15538 | D:14     | Reached ****** piety under Trog
 15896 | D:14     | Reached skill level 10 in Shields
 16157 | D:15     | Entered Level 15 of the Dungeon
 16161 | D:15     | Found Ocli's Weapon Shoppe.
 16344 | Lair:1   | Entered Level 1 of the Lair of Beasts
 16401 | Lair:1   | Reached XP level 14. HP: 114/135 MP: 11/11
 16599 | Lair:1   | Received a gift from Trog
 17386 | Lair:2   | Found a dark tunnel.
 17401 | Volcano  | Entered a volcano
 18503 | Lair:3   | Noticed Snorg
 18511 | Lair:3   | Killed Snorg
 18648 | Lair:3   | Reached skill level 15 in Shields
 19342 | Lair:4   | Found an opulent altar of Gozag.
 19418 | Lair:4   | Found a staircase to the Snake Pit.
 19437 | Lair:4   | Received a gift from Trog
 19921 | Lair:4   | Found a staircase to the Swamp.
 20390 | Lair:5   | Reached XP level 15. HP: 116/141 MP: 12/12
 20420 | Lair:5   | Found a viscous altar of Jiyva.
 20420 | Lair:5   | Found a staircase to the Slime Pits.
 21131 | Lair:6   | Entered Level 6 of the Lair of Beasts
 21131 | Lair:6   | Found a runed translucent door.
 21133 | Lair:6   | Found a shimmering altar of Xom.
 21134 | Lair:6   | Noticed Froggeryz's ghost (journeyman GrCK)
 21361 | Lair:6   | Killed Froggeryz's ghost
 21532 | Lair:6   | Identified the +10 battleaxe "Ysure" {antimagic, rF+ Will+
                  | Str-3 Dex+5} (Trog gifted it to you on level 6 of the Lair
                  | of Beasts)
 21532 | Lair:6   | Received a gift from Trog
 21811 | Lair:6   | Identified the +1 helmet of Xujaecy {+Blink Will+ Int-4}
 22155 | Lair:6   | Found a burning altar of Makhleb.
 22203 | Lair:6   | Found a gateway to Hell.
 22635 | Orc:1    | Entered Level 1 of the Orcish Mines
 22655 | Orc:1    | Received a gift from Trog
 23065 | Orc:2    | Entered Level 2 of the Orcish Mines
 23098 | Orc:2    | Found a staircase to the Elven Halls.
 23254 | Orc:2    | Reached XP level 16. HP: 53/155 MP: 13/13
 23340 | Orc:2    | Found Ovehoss's Weapon Shop.
 23340 | Orc:2    | Found Acuaz's Antique Weapon Shoppe.
 23344 | Orc:2    | Found Gasex's Jewellery Emporium.
 23346 | Orc:2    | Found Odghoz's Jewellery Boutique.
 23598 | Orc:2    | Identified the +3 battleaxe of Domination {pain, rElec}
 23681 | Orc:2    | Received a gift from Trog
 23983 | Orc:2    | Identified the +4 great sword "Soirchoa" {vamp, Int+5}
 24077 | Orc:2    | Bought an ancient war axe for 178 gold pieces
 24077 | Orc:2    | Identified the +8 war axe of Cheibriados's Envy {antimagic,
                  | Int+4} (You bought it in a shop on level 2 of the Orcish
                  | Mines)
 24084 | Orc:2    | Bought a +4 ring of protection for 504 gold pieces
 24196 | Orc:2    | Noticed Azrael
 24217 | Orc:2    | Killed Azrael
 24597 | D:15     | Noticed Louise
 24618 | D:15     | Cast into level 3 of the Abyss (Louise)
 24671 | D:15     | Escaped the Abyss
 24685 | D:15     | Killed Louise
 24804 | D:15     | Found a staircase to the Depths.
 25519 | Orc:2    | Bought a ring of poison resistance for 280 gold pieces
 25672 | Snake:1  | Entered Level 1 of the Snake Pit
 25738 | Snake:1  | Found a flickering gateway to a bazaar.
 25753 | Bazaar   | Entered a bazaar
 25783 | Bazaar   | Found Plog's Book Emporium.
 25783 | Bazaar   | Found Qauweda's General Store.
 25784 | Bazaar   | Found Jesonn's Antique Weapon Shop.
 25799 | Bazaar   | Bought an ancient war axe for 153 gold pieces
 25799 | Bazaar   | Identified the +8 war axe "Kebb" {vorpal, Str+4} (You
                  | bought it in a shop in a bazaar)
 25813 | Bazaar   | Found Zorix's General Store.
 25821 | Bazaar   | Bought a potion of heal wounds for 45 gold pieces
 25821 | Bazaar   | Bought a potion of resistance for 90 gold pieces
 25836 | Bazaar   | Bought a scroll of acquirement for 572 gold pieces
 25838 | Bazaar   | Acquired a manual of Shields
 26365 | Snake:2  | Received a gift from Trog
 26861 | Snake:2  | Lost mutation: You sometimes lose the ability to read
                  | scrolls when taking damage. [potion of mutation]
 26861 | Snake:2  | Lost mutation: Your magical capacity is low. (-10% MP)
                  | [potion of mutation]
 26861 | Snake:2  | Gained mutation: Armour fits poorly on your strangely
                  | shaped body. [potion of mutation]
 26861 | Snake:2  | Gained mutation: You possess an exceptional clarity of
                  | mind. [potion of mutation]
 26862 | Snake:2  | Lost mutation: Armour fits poorly on your strangely shaped
                  | body. [potion of mutation]
 26862 | Snake:2  | Gained mutation: Your flesh is cold resistant. (rC+)
                  | [potion of mutation]
 27063 | Snake:2  | Reached XP level 17. HP: 144/163 MP: 16/16
 27433 | Snake:3  | Identified the +11 war axe of Xivoh {antimagic, Dex+4}
 27698 | Snake:3  | Received a gift from Trog
 27788 | Snake:3  | Noticed Bai Suzhen
 27816 | Snake:3  | Killed Bai Suzhen
 28340 | Snake:4  | Entered Level 4 of the Snake Pit
 28617 | Snake:4  | HP: 1/166 [salamander tyrant (8)]
 28617 | Snake:4  | Killed from afar by a naga mage

Illustrated notes

Levels and vault maps discovered:
D:1:      saegor_arrival_miasma, layout_basic, serial_shops, shop
D:2:      layout_loops_ring, shapermc_ecumenical_altar_flowoftime, basic_altar,
          kennysheep_generic_room_2
D:3:      layout_rooms, minmay_rat_hole
D:4:      layout_basic, nicolae_uskayaw_suspiria, old_standard_altar,
          uniq_menkaure
D:5:      layout_basic, serial_undead, serial_undead_d, serial_undead_e,
          serial_undead_c, serial_undead_d, st_stairs_1, kennysheep_flooded_box,
          hangedman_decor_growths, hangedman_decor_slide_cut,
          grunt_decor_junction
D:6:      layout_basic, overflow_temple_1_default, minmay_temple_entry_hall,
          minivault_11, st_stairs_4, uniq_pikel
D:7:      layout_basic, nicolae_hepliaklqana_monster_ancestors, elyvilon_altar_4
D:8:      layout_rooms, ebering_ghost_disaster_area, special_room
          [special_room_orc]
D:9:      layout_small_grid, nicolae_tso_carved_into_rock,
          minmay_orc_entry_guard_dogs
D:10:     layout_roguey, erik_lair_orcish_takeover, uniq_nergalle
D:11:     layout_rooms, gammafunk_ghost_abyssal_escape, uniq_josephine,
          uniq_erica
D:12:     layout_small_grid
D:13:     layout_irregular_city, argonaut_gorgonesque, uniq_erolcha
D:14:     layout_long_grid, grunt_vaults_entry_tiered,
          hangedman_abyss_or_decor_stabs, nicolae_underground_beach
D:15:     gammafunk_depths_entry_grave, layout_gridville, serial_shops,
          nicolae_shop_waterfront, uniq_louise
Lair:1:   layout_long_grid, beast_lair_carwin_8, serial_bayou_shore_a,
          infiniplex_staircase_pool_2
Lair:2:   layout_regular_city, nicolae_volcano_entry_batcave, minivault_19,
          forest_entry_grove
Lair:3:   layout_cave_pods, uniq_snorg
Lair:4:   layout_regular_city, nicolae_swamp_entry_splash_gauntlet,
          guppyfry_snake_entry_island, basic_altar
Lair:5:   layout_cave_pods, slime_altar_1, chequers_serial_rivers_small_a,
          minmay_lair_drake_nest
Lair:6:   evil_forest, layout_loops_ring, ebering_ghost_xom,
          serial_bayou_shore_b, grunt_megastairs_4, lemuel_fruit_fields
Snake:1:  layout_misc_corridors, serial_shops, bzr_entry_lakeside
Snake:2:  layout_onion
Snake:3:  layout_misc_corridors, nicolae_snake_gridmaze_spiral, uniq_bai_suzhen
Snake:4:  snake_pit_salamanders_mu, layout_cave_town, serial_shops,
          shop_fountains
Orc:1:    layout_diamond_mine
Orc:2:    st_orc_rangers, layout_caves, minmay_orc_treasury, uniq_azrael

Skill      XL: |  1  2  3  4  5  6  7  8  9 10 11 12 13 14 15 16 17 |
---------------+----------------------------------------------------+-----
Axes           | 4 5 6 7 8 9 10 12 13 14 15 17 18 | 18.6
Fighting       | 4 5 6 7 9 10 12 13 14 15 17 18 | 18.5
Armour         | 3 4 5 6 8 9 10 11 13 14 | 14.4
Dodging        | 4 7 8 9 |  9.1
Evocations     | 5 6 8 9 |  9.5
Shields        | 11 15 16 17 | 17.2

Action                   |  1- 3 |  4- 6 |  7- 9 | 10-12 | 13-15 | 16-18 || total
-------------------------+-------+-------+-------+-------+-------+-------++-------
Melee: Hand axe          |    81 |   100 |   282 |   376 |       |       ||   839
       Headbutt          |    16 |    21 |    84 |   133 |   294 |   176 ||   724
       Broad axe         |       |       |       |    66 |   910 |   721 ||  1697
       Battleaxe         |       |       |       |    29 |       |       ||    29
Invok: Berserk           |       |     3 |     4 |     8 |     2 |     3 ||    20
       Trog's Hand       |       |       |       |     4 |     4 |     5 ||    13
Evoke: Wand              |       |       |       |     1 |     8 |     6 ||    15
  Use: Scroll            |     4 |     3 |     6 |     9 |     8 |     9 ||    39
       Potion            |       |     1 |       |     1 |     2 |     7 ||    11
 Stab: Sleeping          |     1 |       |       |       |       |       ||     1
       Distracted        |       |       |       |     1 |       |       ||     1
Armor: Animal skin       |    14 |     6 |       |       |       |       ||    20
       Ring mail         |       |    10 |    14 |       |       |       ||    24
       Chain mail        |       |       |   108 |   243 |   254 |   210 ||   815
Dodge: Dodged            |    31 |    46 |   122 |   248 |   268 |   286 ||  1001
Block: Other             |       |       |       |     1 |       |       ||     1
       Kite shield       |       |       |       |       |   641 |   643 ||  1284
       Reflection        |       |       |       |       |    37 |    70 ||   107

Table legend: (Time is in decaauts)
 A = Elapsed time spent in this place.
 B = Non-inter-level travel time spent in this place.
 C = Inter-level travel time spent in this place.
 D = Time resting spent in this place.
 E = Time spent auto-exploring this place.
 F = Levels seen in this place.
 G = Mean time per level.
                   A        B        C        D        E       F      G
               +--------+--------+--------+--------+--------+-----+--------+
         Total |  28356 |  26771 |   1585 |   4165 |  18155 |  31 |  914.7 |
       Dungeon |  17409 |  16412 |    997 |   3462 |  10717 |  15 | 1160.6 |
          Lair |   6056 |   5681 |    375 |    225 |   4433 |   6 | 1009.3 |
     Snake Pit |   2753 |   2675 |     78 |    285 |   1770 |   4 |  688.2 |
  Orcish Mines |   1721 |   1587 |    134 |    171 |    979 |   2 |  860.5 |
         Abyss |     90 |     90 |      0 |      0 |     74 |   2 |   45.0 |
        Bazaar |     98 |     98 |      0 |      0 |     66 |   1 |   98.0 |
       Volcano |    226 |    226 |      0 |     21 |    115 |   1 |  226.0 |
               +--------+--------+--------+--------+--------+-----+--------+

Top non-repeatable levels by time:
    D:10: 1698 daAuts
     D:4: 1505 daAuts
     D:7: 1288 daAuts
  Lair:6: 1226 daAuts
     D:5: 1179 daAuts
     D:8: 1158 daAuts
    D:13: 1158 daAuts
     D:9: 1155 daAuts
     D:3: 1149 daAuts
    D:11: 1124 daAuts
   Orc:2: 1118 daAuts
     D:1: 1080 daAuts
  Lair:5: 1049 daAuts
     D:6: 1041 daAuts
  Lair:1: 1036 daAuts
